WCHLSIM.com - West Coast Hockey League
html PUBLIC "-//W3C//DTD XHTML 1.0 Transitional//EN" "http://www.w3.org/TR/xhtml1/DTD/xhtml1-transitional.dtd"> WCHL - Game 192 - RENO LIONS vs BANFF WOLVES

RENO LIONS vs BANFF WOLVES

Created - 9 novembre 2023 at 23:29

Goals
1 2 3 T
RENO LIONS 1 1 0 2
BANFF WOLVES 0 0 1 1
Shots
1 2 3 T
RENO LIONS 8 4 12 24
BANFF WOLVES 17 11 7 35

1st period

1. RENO LIONS , Kirill Kaprizov 4 (Elias Pettersson 11, Steven Stamkos 8) at 18:01

Penalties :
Roope Hintz (BAN) for Slashing (Minor) at 2:17, Ethan Bear (REN) for Tripping (Minor) at 10:25

2nd period

2. RENO LIONS , Ilya Mikheyev 2 (Jack Roslovic 2, Mattias Samuelsson 3) at 9:23

Penalties :
Mattias Samuelsson (REN) for Roughing (Minor) at 1:14, Cam Fowler (BAN) for Hooking (Minor) at 15:24, Oliver Ekman-Larsson (REN) for Roughing (Minor) at 19:54

3rd period

3. BANFF WOLVES , Roope Hintz 3 (Elias Lindholm 14, Cam Fowler 8) at 15:08

Penalties :
Ian Cole (BAN) for Hooking (Minor) at 2:11, Brady Skjei (REN) for Interference (Minor) at 11:32

Goalie Stats

Stuart Skinner (REN), 34 saves from 35 shots - (0,971), W, 6-5-0, 60:00 minutes
Jordan Binnington (BAN), 22 saves from 24 shots - (0,917), L, 8-2-2, 59:00 minutes

Players Stats for RENO LIONS

Player Name              G  A  P  +/- PIM S  H  SB GA TA FO     MP     PP MP  PK MP  
------------------------------------------------------------------------------------
Alex Steeves             0  0  0   0  0   0  1  0  0  0  3/9     6:35   0:00   0:00 
Andreas Johnsson         0  0  0   0  0   0  1  0  0  0  0/0     6:35   0:00   0:00 
Brady Skjei              0  0  0   1  2   1  0  2  0  0  0/0    23:43   3:18   3:27 
Elias Pettersson         0  1  1   1  0   5  0  2  0  0  0/2    19:30   3:26   0:00 
Ethan Bear               0  0  0  -1  2   1  1  0  0  0  0/0    14:50   0:00   2:42 
Ilya Mikheyev            1  0  1   0  0   3  1  0  0  0  1/4    15:36   2:31   0:00 
Jack Roslovic            0  1  1   0  0   2  1  0  0  0  0/0    18:54   2:31   2:59 
Justin Schultz           0  0  0   1  0   0  0  1  0  0  0/0    20:15   3:18   0:11 
Juuso Valimaki           0  0  0  -1  0   0  0  0  0  0  0/0    18:20   2:39   3:32 
Kirill Kaprizov          1  0  1   1  0   4  0  1  0  0  1/2    19:30   3:26   0:19 
Marcus Foligno           0  0  0   0  0   3  0  0  0  0  1/3    15:20   0:00   4:57 
Marian Studenic          0  0  0   0  0   0  0  0  0  0  0/0     6:35   0:00   0:00 
Mattias Samuelsson       0  1  1   1  2   0  2  2  0  0  0/0    20:24   0:00   3:13 
Nicholas Ritchie         0  0  0   0  0   0  0  0  0  0  0/0    10:23   0:00   0:00 
Nick Bjugstad            0  0  0   0  0   3  1  1  0  0  13/26  20:14   2:31   4:38 
Oliver Ekman-Larsson     0  0  0   1  2   0  3  1  0  0  0/0    22:24   2:39   2:47 
Patrick Brown            0  0  0   0  0   1  1  0  0  0  9/21   13:22   0:00   2:59 
Steven Stamkos           0  1  1   1  0   1  0  0  0  0  13/26  19:30   3:26   0:00 

Players Stats for BANFF WOLVES

Player Name              G  A  P  +/- PIM S  H  SB GA TA FO     MP     PP MP  PK MP  
------------------------------------------------------------------------------------
Cam Fowler               0  1  1  -1  2   0  0  0  0  0  0/0    23:13   3:38   2:15 
Elias Lindholm           0  1  1  -1  0   5  2  0  0  0  16/30  21:23   4:46   0:00 
Eric Staal               0  0  0   0  0   0  0  0  0  0  1/2     1:40   0:00   0:00 
Ian Cole                 0  0  0   0  2   0  1  2  0  0  0/0    14:12   0:00   1:54 
Jason Dickinson          0  0  0   0  0   1  1  0  0  0  0/0    15:56   0:05   3:12 
Joel Eriksson Ek         0  0  0   0  0   3  3  0  0  0  19/29  21:33   3:10   3:12 
John Tavares             0  0  0   0  0   5  2  0  0  0  1/1    21:59   4:41   0:00 
Jordan Staal             0  0  0   0  0   0  3  0  0  0  12/26  15:24   0:00   2:45 
Justin Faulk             0  0  0   0  0   2  1  2  0  0  0/0    23:43   4:18   3:25 
Logan O'Connor           0  0  0   0  0   0  0  0  0  0  0/0     4:25   0:00   2:45 
Mats Zuccarello          0  0  0   0  0   3  1  0  0  0  3/4    18:21   3:10   0:00 
Miro Heiskanen           0  0  0   0  0   4  0  0  0  0  0/0    21:53   3:38   1:48 
Nick Leddy               0  0  0   0  0   0  0  0  0  0  0/0    14:51   0:00   2:32 
Quinton Hughes           0  0  0  -1  0   1  1  1  0  0  0/0    22:06   4:18   0:00 
Roope Hintz              1  0  1  -1  2   5  0  1  0  0  0/1    20:55   4:46   0:00 
Simon Benoit             0  0  0   0  0   0  0  0  0  0  0/0     0:00   0:00   0:00 
Timo Meier               0  0  0   0  0   2  1  0  0  0  0/0    12:39   0:00   0:00 
Tyler Toffoli            0  0  0  -1  0   4  1  0  0  0  0/0    19:47   3:10   0:00 

3 Stars

1 - Stuart Skinner (REN)
2 - Kirill Kaprizov (REN)
3 - Ilya Mikheyev (REN)

Power Play

RENO LIONS - 0 on 3 Attempt(s) - 0,00%
BANFF WOLVES - 0 on 4 Attempt(s) - 0,00%

Penalty Kill

RENO LIONS - 4 on 4 Attempt(s) - 100,00% - Score 0 goal in Penalty Kill
BANFF WOLVES - 3 on 3 Attempt(s) - 100,00% - Score 0 goal in Penalty Kill

Team Stat

RENO LIONS - Hits : 12 - Faceoff Wins : 41 - Blocked Shots : 10 - Penalty Minutes : 8
BANFF WOLVES - Hits : 17 - Faceoff Wins : 52 - Blocked Shots : 6 - Penalty Minutes : 6

Official

Referees : Kyle Rehman and Furman South
Linesman : Derek Wahl and Ken Bonham

Game Notes

No Game Note

Finance

Level 1 -- Attendance: 6348 (90,04%) -- Ticket Income 793 500 $
Level 2 -- Attendance: 5657 (94,98%) -- Ticket Income 565 700 $
Level 3 -- Attendance: 2340 (100,00%) -- Ticket Income 140 400 $
Level 4 -- Attendance: 4935 (98,70%) -- Ticket Income 222 075 $
Luxury Box -- Attendance: 1065 (100,00%) -- Ticket Income 292 875 $
Game was played at the Rocky Mountains Sports Complex.
Total Attendance: 20345 (95,02%)
Total Ticket Income: 2 014 550 $
Other Expense: 20 146 $
Total Income: 1 994 404 $

RENO LIONS

5 vs 5 Forward 
   Center                   Left Wing                Right Wing               Time % Phy DF OF 
 1 Steven Stamkos           Kirill Kaprizov          Elias Pettersson         35     0   1  4  
 2 Nick Bjugstad            Ilya Mikheyev            Jack Roslovic            30     0   2  3  
 3 Patrick Brown            Nicholas Ritchie         Marcus Foligno           25     1   3  1  
 4 Alex Steeves             Marian Studenic          Andreas Johnsson         10     2   3  0  

5 vs 5 Defense 
   Defense                  Defense                                           Time % Phy DF OF 
 1 Brady Skjei              Justin Schultz                                    35     1   2  2  
 2 Mattias Samuelsson       Oliver Ekman-Larsson                              32     1   2  2  
 3 Juuso Valimaki           Ethan Bear                                        23     1   2  2  
 4 Brady Skjei              Justin Schultz                                    10     1   2  2  

PowerPlay Forward 
   Center                   Left Wing                Right Wing               Time % Phy DF OF 
 1 Steven Stamkos           Kirill Kaprizov          Elias Pettersson         65     0   0  5  
 2 Nick Bjugstad            Ilya Mikheyev            Jack Roslovic            35     0   0  5  

PowerPlay Defense
   Defense                  Defense                                           Time % Phy DF OF 
 1 Justin Schultz           Brady Skjei                                       60     1   2  2  
 2 Juuso Valimaki           Oliver Ekman-Larsson                              40     1   2  2  

Penalty Kill 4 Players Forward 
   Center                   Wing                     Time % Phy DF OF 
 1 Nick Bjugstad            Marcus Foligno           55     1   3  1  
 2 Patrick Brown            Jack Roslovic            45     1   3  1  

Penalty Kill 4 Players Defense
   Defense                  Defense                  Time % Phy DF OF 
 1 Mattias Samuelsson       Brady Skjei              55     1   3  1  
 2 Ethan Bear               Juuso Valimaki           45     1   3  1  

Penalty Kill - 3 Players Forward 
   Forward                                           Time % Phy DF OF 
 1 Jack Roslovic                                     55     1   4  0  
 2 Elias Pettersson                                  45     1   4  0  

Penalty Kill - 3 Players Defense
   Defense                  Defense                  Time % Phy DF OF 
 1 Mattias Samuelsson       Brady Skjei              55     1   4  0  
 2 Ethan Bear               Juuso Valimaki           45     1   4  0  

4 vs 4 Forward 
   Center                   Wing                     Time % Phy DF OF 
 1 Elias Pettersson         Jack Roslovic            55     1   2  2  
 2 Steven Stamkos           Kirill Kaprizov          45     1   2  2  

4 vs 4 Defense
   Defense                  Defense                  Time % Phy DF OF 
 1 Ethan Bear               Mattias Samuelsson       55     1   2  2  
 2 Justin Schultz           Oliver Ekman-Larsson     45     1   2  2  

Last Minutes Offensive
   Center                   Left Wing                Right Wing               Defense                  Defense                  
   Steven Stamkos           Kirill Kaprizov          Elias Pettersson         Justin Schultz           Brady Skjei              

Last Minutes Defensive
   Center                   Left Wing                Right Wing               Defense                  Defense                  
   Steven Stamkos           Elias Pettersson         Jack Roslovic            Mattias Samuelsson       Brady Skjei              

Goaltenders
Starting : Stuart Skinner           
Backup : Elvis Merzlikins         

Extra Forwards
Normal : Andreas Johnsson, Alex Steeves, Steven Stamkos - PP : Nick Bjugstad, Marcus Foligno - PK : Kirill Kaprizov
Extra Defensemen
Normal : Justin Schultz, Oliver Ekman-Larsson, Brady Skjei - PP : Ethan Bear - PK : Oliver Ekman-Larsson, Justin Schultz
Penalty Shots
Kirill Kaprizov, Elias Pettersson, Steven Stamkos, Ilya Mikheyev, Nick Bjugstad
Custom OT Lines Forwards
Steven Stamkos, Elias Pettersson, Kirill Kaprizov, Jack Roslovic, Nick Bjugstad, Ilya Mikheyev, Marcus Foligno, Nicholas Ritchie, Patrick Brown, Marian Studenic
Custom OT Lines Defensemen
Brady Skjei, Justin Schultz, Mattias Samuelsson, Oliver Ekman-Larsson, Ethan Bear

Scratches
Pierre-Luc Dubois (Separated Right Shoulder Injury)

BANFF WOLVES

5 vs 5 Forward 
   Center                   Left Wing                Right Wing               Time % Phy DF OF 
 1 Elias Lindholm           Roope Hintz              Tyler Toffoli            35     0   0  5  
 2 Joel Eriksson Ek         John Tavares             Mats Zuccarello          33     0   0  5  
 3 Jordan Staal             Jason Dickinson          Timo Meier               27     0   1  4  
 4 Eric Staal               John Tavares             Logan O'Connor           5      1   3  1  

5 vs 5 Defense 
   Defense                  Defense                                           Time % Phy DF OF 
 1 Quinton Hughes           Cam Fowler                                        40     0   1  4  
 2 Justin Faulk             Miro Heiskanen                                    36     0   1  4  
 3 Nick Leddy               Ian Cole                                          20     1   3  1  
 4 Miro Heiskanen           Quinton Hughes                                    4      0   0  5  

PowerPlay Forward 
   Center                   Left Wing                Right Wing               Time % Phy DF OF 
 1 Elias Lindholm           John Tavares             Roope Hintz              55     0   0  5  
 2 Joel Eriksson Ek         Tyler Toffoli            Mats Zuccarello          45     0   0  5  

PowerPlay Defense
   Defense                  Defense                                           Time % Phy DF OF 
 1 Quinton Hughes           Justin Faulk                                      55     0   0  5  
 2 Cam Fowler               Miro Heiskanen                                    45     0   0  5  

Penalty Kill 4 Players Forward 
   Center                   Wing                     Time % Phy DF OF 
 1 Joel Eriksson Ek         Jason Dickinson          50     0   5  0  
 2 Jordan Staal             Logan O'Connor           50     0   5  0  

Penalty Kill 4 Players Defense
   Defense                  Defense                  Time % Phy DF OF 
 1 Ian Cole                 Justin Faulk             50     0   5  0  
 2 Nick Leddy               Cam Fowler               50     0   5  0  

Penalty Kill - 3 Players Forward 
   Forward                                           Time % Phy DF OF 
 1 Jordan Staal                                      50     0   5  0  
 2 Joel Eriksson Ek                                  50     0   5  0  

Penalty Kill - 3 Players Defense
   Defense                  Defense                  Time % Phy DF OF 
 1 Justin Faulk             Ian Cole                 50     0   5  0  
 2 Nick Leddy               Cam Fowler               50     0   5  0  

4 vs 4 Forward 
   Center                   Wing                     Time % Phy DF OF 
 1 Joel Eriksson Ek         John Tavares             50     0   2  3  
 2 Elias Lindholm           Roope Hintz              50     0   2  3  

4 vs 4 Defense
   Defense                  Defense                  Time % Phy DF OF 
 1 Justin Faulk             Quinton Hughes           50     0   2  3  
 2 Miro Heiskanen           Cam Fowler               50     0   2  3  

Last Minutes Offensive
   Center                   Left Wing                Right Wing               Defense                  Defense                  
   Elias Lindholm           John Tavares             Tyler Toffoli            Miro Heiskanen           Quinton Hughes           

Last Minutes Defensive
   Center                   Left Wing                Right Wing               Defense                  Defense                  
   Joel Eriksson Ek         Jason Dickinson          Mats Zuccarello          Cam Fowler               Ian Cole                 

Goaltenders
Starting : Jordan Binnington        
Backup : Jeremy Swayman           

Extra Forwards
Normal : John Tavares, Mats Zuccarello, Elias Lindholm - PP : Mats Zuccarello, John Tavares - PK : Joel Eriksson Ek
Extra Defensemen
Normal : Quinton Hughes, Miro Heiskanen, Justin Faulk - PP : Quinton Hughes - PK : Cam Fowler, Miro Heiskanen
Penalty Shots
Mats Zuccarello, Elias Lindholm, John Tavares, Tyler Toffoli, Timo Meier
Custom OT Lines Forwards
John Tavares, Mats Zuccarello, Elias Lindholm, Tyler Toffoli, Joel Eriksson Ek, Timo Meier, Jordan Staal, Eric Staal, Jason Dickinson, Logan O'Connor
Custom OT Lines Defensemen
Miro Heiskanen, Quinton Hughes, Justin Faulk, Cam Fowler, Nick Leddy

Scratches
Adam Erne (Healthy), Adam Henrique (Left Hand Injury)

% Time on Ice - RENO LIONS

Lines # - Real PCT - Wanted PCT - Time Play
Normal Forward
1 - 34% - 35% - 15:45
2 - 29% - 30% - 13:05
3 - 23% - 25% - 10:23
4 - 14% - 10% - 6:35
Normal Defense
1 - 33% - 35% - 15:04
2 - 38% - 32% - 17:12
3 - 27% - 23% - 12:09
4 - 3% - 10% - 1:23
PP Forward
1 - 58% - 65% - 3:26
2 - 42% - 35% - 2:31
PP Defense
1 - 55% - 60% - 3:18
2 - 45% - 40% - 2:39
PK Forward
1 - 62% - 55% - 4:57
2 - 38% - 45% - 2:59
PK Defense
1 - 55% - 55% - 4:24
2 - 45% - 45% - 3:32
PK3 Forward
1 - 0% - 55%
2 - 0% - 45%
PK3 Defense
1 - 0% - 55%
2 - 0% - 45%
44 Forward
1 - 0% - 55%
2 - 0% - 45%
44 Defense
1 - 0% - 55%
2 - 0% - 45%
Last Minute Offensive  - 0:00
Last Minute Defensive  - 0:19
Total
Forward - 60:00
Defense - 60:00

% Time on Ice - BANFF WOLVES

Lines # - Real PCT - Wanted PCT - Time Play
Normal Forward
1 - 35% - 35% - 16:10
2 - 33% - 33% - 15:11
3 - 28% - 27% - 12:39
4 - 4% - 5% - 1:40
Normal Defense
1 - 38% - 40% - 17:21
2 - 35% - 36% - 16:00
3 - 27% - 20% - 12:19
4 - 0% - 4% - 0:00
PP Forward
1 - 60% - 55% - 4:46
2 - 40% - 45% - 3:10
PP Defense
1 - 54% - 55% - 4:18
2 - 46% - 45% - 3:38
PK Forward
1 - 54% - 50% - 3:12
2 - 46% - 50% - 2:45
PK Defense
1 - 57% - 50% - 3:25
2 - 43% - 50% - 2:32
PK3 Forward
1 - 0% - 50%
2 - 0% - 50%
PK3 Defense
1 - 0% - 50%
2 - 0% - 50%
44 Forward
1 - 0% - 50%
2 - 0% - 50%
44 Defense
1 - 0% - 50%
2 - 0% - 50%
Last Minute Offensive  - 0:27
Last Minute Defensive  - 0:00
Total
Forward - 60:00
Defense - 60:00

Play-by-Play

1st period


0:01 of 1st period - Steven Stamkos wins face-off versus Elias Lindholm in neutral zone.
0:35 of 1st period - Shot by Roope Hintz.
0:35 of 1st period - Stopped by Stuart Skinner without a rebound.
0:36 of 1st period - Joel Eriksson Ek wins face-off versus Ilya Mikheyev in RENO LIONS zone.
0:51 of 1st period - Shot by Miro Heiskanen.
0:51 of 1st period - Stopped by Stuart Skinner without a rebound.
0:52 of 1st period - Patrick Brown wins face-off versus Jordan Staal in RENO LIONS zone.
0:52 of 1st period - Patrick Brown is hit by Timo Meier.
1:13 of 1st period - Marcus Foligno is hit by Jordan Staal and loses puck.
2:13 of 1st period - Shot by John Tavares.
2:13 of 1st period - Stopped by Stuart Skinner without a rebound.
2:14 of 1st period - Nick Bjugstad wins face-off versus Elias Lindholm in RENO LIONS zone.
2:14 of 1st period - Nick Bjugstad is hit by Elias Lindholm.
2:17 of 1st period - Minor Penalty to Roope Hintz for Slashing.
2:18 of 1st period - Jordan Staal wins face-off versus Steven Stamkos in BANFF WOLVES zone.
2:39 of 1st period - Shot by Kirill Kaprizov.
2:39 of 1st period - Shot Blocked by Justin Faulk.
2:41 of 1st period - Shot by Brady Skjei.
2:41 of 1st period - Shot Misses the Net.
2:51 of 1st period - Shot by Kirill Kaprizov.
2:51 of 1st period - Shot Hit the Post.
2:53 of 1st period - Shot by Elias Pettersson.
2:53 of 1st period - Stopped by Jordan Binnington without a rebound.
2:54 of 1st period - Nick Bjugstad wins face-off versus Jordan Staal in BANFF WOLVES zone.
3:21 of 1st period - Shot by Nick Bjugstad.
3:21 of 1st period - Stopped by Jordan Binnington without a rebound.
3:22 of 1st period - Steven Stamkos wins face-off versus Joel Eriksson Ek in BANFF WOLVES zone.
3:47 of 1st period - Shot by Steven Stamkos.
3:47 of 1st period - Shot Misses the Net.
3:49 of 1st period - Shot by Brady Skjei.
3:49 of 1st period - Stopped by Jordan Binnington without a rebound.
3:50 of 1st period - Nick Bjugstad wins face-off versus Jordan Staal in BANFF WOLVES zone.
4:24 of 1st period - Off-side.
4:25 of 1st period - Elias Lindholm wins face-off versus Steven Stamkos in neutral zone.
5:07 of 1st period - Icing by Oliver Ekman-Larsson.
5:08 of 1st period - Steven Stamkos wins face-off versus Joel Eriksson Ek in RENO LIONS zone.
5:14 of 1st period - Icing by Oliver Ekman-Larsson.
5:15 of 1st period - Joel Eriksson Ek wins face-off versus Kirill Kaprizov in RENO LIONS zone.
5:23 of 1st period - John Tavares is hit by Mattias Samuelsson and loses puck.
5:39 of 1st period - Icing by Cam Fowler.
5:40 of 1st period - Joel Eriksson Ek wins face-off versus Nick Bjugstad in BANFF WOLVES zone.
5:42 of 1st period - Icing by Quinton Hughes.
5:43 of 1st period - Nick Bjugstad wins face-off versus Joel Eriksson Ek in BANFF WOLVES zone.
6:14 of 1st period - Shot by Mats Zuccarello.
6:14 of 1st period - Stopped by Stuart Skinner without a rebound.
6:15 of 1st period - Alex Steeves wins face-off versus Elias Lindholm in RENO LIONS zone.
6:15 of 1st period - Alex Steeves is hit by Tyler Toffoli.
6:35 of 1st period - Shot by Tyler Toffoli.
6:35 of 1st period - Shot Hit the Post.
6:37 of 1st period - Shot by Justin Faulk.
6:37 of 1st period - Stopped by Stuart Skinner with a rebound.
6:39 of 1st period - Shot by Roope Hintz.
6:39 of 1st period - Stopped by Stuart Skinner without a rebound.
6:40 of 1st period - Jordan Staal wins face-off versus Nick Bjugstad in RENO LIONS zone.
6:41 of 1st period - Shot by Timo Meier.
6:41 of 1st period - Shot Misses the Net.
7:01 of 1st period - Ilya Mikheyev is hit by Ian Cole and loses puck.
8:59 of 1st period - Icing by Ian Cole.
9:00 of 1st period - Ilya Mikheyev wins face-off versus Jordan Staal in BANFF WOLVES zone.
9:59 of 1st period - Shot by Tyler Toffoli.
9:59 of 1st period - Shot Misses the Net.
10:01 of 1st period - Shot by Roope Hintz.
10:01 of 1st period - Shot Misses the Net.
10:03 of 1st period - Shot by Elias Lindholm.
10:03 of 1st period - Stopped by Stuart Skinner without a rebound.
10:04 of 1st period - Joel Eriksson Ek wins face-off versus Patrick Brown in RENO LIONS zone.
10:06 of 1st period - Mats Zuccarello is hit by Ethan Bear and loses puck.
10:23 of 1st period - Patrick Brown is hit by Mats Zuccarello and loses puck.
10:25 of 1st period - Minor Penalty to Ethan Bear for Tripping.
10:26 of 1st period - Joel Eriksson Ek wins face-off versus Nick Bjugstad in RENO LIONS zone.
10:27 of 1st period - Shot by Mats Zuccarello.
10:27 of 1st period - Stopped by Stuart Skinner with a rebound.
10:55 of 1st period - Shot by Joel Eriksson Ek.
10:55 of 1st period - Stopped by Stuart Skinner with a rebound.
10:57 of 1st period - Shot by Joel Eriksson Ek.
10:57 of 1st period - Shot Blocked by Brady Skjei.
11:01 of 1st period - Shot by Quinton Hughes.
11:01 of 1st period - Stopped by Stuart Skinner with a rebound.
11:13 of 1st period - Shot by Elias Lindholm.
11:13 of 1st period - Shot Blocked by Mattias Samuelsson.
11:15 of 1st period - Shot by Cam Fowler.
11:15 of 1st period - Shot Blocked by Nick Bjugstad.
11:34 of 1st period - Shot by Miro Heiskanen.
11:34 of 1st period - Stopped by Stuart Skinner without a rebound.
11:35 of 1st period - Patrick Brown wins face-off versus Elias Lindholm in RENO LIONS zone.
11:48 of 1st period - Shot by John Tavares.
11:48 of 1st period - Stopped by Stuart Skinner without a rebound.
11:49 of 1st period - Joel Eriksson Ek wins face-off versus Patrick Brown in RENO LIONS zone.
11:52 of 1st period - Shot by Quinton Hughes.
11:52 of 1st period - Shot Misses the Net.
11:54 of 1st period - Shot by Quinton Hughes.
11:54 of 1st period - Shot Misses the Net.
11:56 of 1st period - Shot by Justin Faulk.
11:56 of 1st period - Stopped by Stuart Skinner without a rebound.
11:57 of 1st period - Elias Lindholm wins face-off versus Patrick Brown in RENO LIONS zone.
11:58 of 1st period - Shot by Quinton Hughes.
11:58 of 1st period - Shot Misses the Net.
12:00 of 1st period - Shot by Elias Lindholm.
12:00 of 1st period - Stopped by Stuart Skinner without a rebound.
12:01 of 1st period - Elias Lindholm wins face-off versus Patrick Brown in RENO LIONS zone.
12:20 of 1st period - Shot by Justin Faulk.
12:20 of 1st period - Shot Misses the Net.
12:22 of 1st period - Shot by Justin Faulk.
12:22 of 1st period - Shot Misses the Net.
12:24 of 1st period - Shot by Elias Lindholm.
12:24 of 1st period - Stopped by Stuart Skinner with a rebound.
12:33 of 1st period - Off-side.
12:34 of 1st period - Jordan Staal wins face-off versus Steven Stamkos in neutral zone.
12:47 of 1st period - Shot by Kirill Kaprizov.
12:47 of 1st period - Deflect By Steven Stamkos.
12:47 of 1st period - Stopped by Jordan Binnington without a rebound.
12:48 of 1st period - Joel Eriksson Ek wins face-off versus Alex Steeves in BANFF WOLVES zone.
12:48 of 1st period - Joel Eriksson Ek is hit by Andreas Johnsson.
13:18 of 1st period - Oliver Ekman-Larsson is hit by John Tavares and loses puck.
13:28 of 1st period - Icing by Justin Faulk.
13:29 of 1st period - Steven Stamkos wins face-off versus Joel Eriksson Ek in BANFF WOLVES zone.
13:43 of 1st period - Shot by Mats Zuccarello.
13:43 of 1st period - Shot Misses the Net.
13:45 of 1st period - Shot by Mats Zuccarello.
13:45 of 1st period - Shot Misses the Net.
13:47 of 1st period - Shot by Joel Eriksson Ek.
13:47 of 1st period - Shot Misses the Net.
14:16 of 1st period - Shot by Elias Lindholm.
14:16 of 1st period - Shot Misses the Net.
14:34 of 1st period - Shot by Tyler Toffoli.
14:34 of 1st period - Stopped by Stuart Skinner with a rebound.
14:36 of 1st period - Shot by Roope Hintz.
14:36 of 1st period - Shot Blocked by Elias Pettersson.
15:06 of 1st period - Shot by Nicholas Ritchie.
15:06 of 1st period - Deflect By Marcus Foligno.
15:06 of 1st period - Stopped by Jordan Binnington with a rebound.
15:08 of 1st period - Shot by Patrick Brown.
15:08 of 1st period - Shot Misses the Net.
15:21 of 1st period - Shot by Marcus Foligno.
15:21 of 1st period - Shot Hit the Post.
15:46 of 1st period - Off-side.
15:47 of 1st period - Joel Eriksson Ek wins face-off versus Nick Bjugstad in neutral zone.
17:55 of 1st period - Shot by Elias Pettersson.
17:55 of 1st period - Shot Misses the Net.
17:57 of 1st period - Shot by Steven Stamkos.
17:57 of 1st period - Shot Blocked by Quinton Hughes.
17:59 of 1st period - Shot by Kirill Kaprizov.
17:59 of 1st period - Stopped by Jordan Binnington with a rebound.
18:01 of 1st period - Shot by Elias Pettersson.
18:01 of 1st period - Deflect By Kirill Kaprizov.
18:01 of 1st period - Goal by Kirill Kaprizov - RENO LIONS : 1 - BANFF WOLVES : 0.
18:02 of 1st period - Jordan Staal wins face-off versus Marcus Foligno in neutral zone.
18:27 of 1st period - Shot by Marcus Foligno.
18:27 of 1st period - Shot Misses the Net.
18:29 of 1st period - Shot by Patrick Brown.
18:29 of 1st period - Stopped by Jordan Binnington without a rebound.
18:30 of 1st period - Joel Eriksson Ek wins face-off versus Nick Bjugstad in BANFF WOLVES zone.
19:10 of 1st period - Shot by Joel Eriksson Ek.
19:10 of 1st period - Shot Blocked by Justin Schultz.
19:12 of 1st period - Shot by Miro Heiskanen.
19:12 of 1st period - Stopped by Stuart Skinner without a rebound.
19:13 of 1st period - Steven Stamkos wins face-off versus Elias Lindholm in RENO LIONS zone.
19:29 of 1st period - Shot by Roope Hintz.
19:29 of 1st period - Shot Misses the Net.
Goals for this period are 1 for RENO LIONS vs 0 for BANFF WOLVES.
Shots for this period are 8 for RENO LIONS vs 17 for BANFF WOLVES.

2nd period


0:01 of 2nd period - Patrick Brown wins face-off versus Elias Lindholm in neutral zone.
0:49 of 2nd period - Icing by Elias Lindholm.
0:50 of 2nd period - Nick Bjugstad wins face-off versus Elias Lindholm in BANFF WOLVES zone.
0:55 of 2nd period - Shot by Ilya Mikheyev.
0:55 of 2nd period - Stopped by Jordan Binnington without a rebound.
0:56 of 2nd period - Joel Eriksson Ek wins face-off versus Nick Bjugstad in BANFF WOLVES zone.
0:56 of 2nd period - Joel Eriksson Ek is hit by Jack Roslovic.
1:04 of 2nd period - Jack Roslovic is hit by Joel Eriksson Ek and loses puck.
1:14 of 2nd period - Minor Penalty to Mattias Samuelsson for Roughing.
1:15 of 2nd period - Nick Bjugstad wins face-off versus Elias Lindholm in RENO LIONS zone.
2:49 of 2nd period - Cam Fowler is hit by Oliver Ekman-Larsson and loses puck.
3:31 of 2nd period - Icing by Ethan Bear.
3:32 of 2nd period - Eric Staal wins face-off versus Steven Stamkos in RENO LIONS zone.
4:48 of 2nd period - Shot by Timo Meier.
4:48 of 2nd period - Stopped by Stuart Skinner without a rebound.
4:49 of 2nd period - Elias Lindholm wins face-off versus Nick Bjugstad in RENO LIONS zone.
4:52 of 2nd period - Shot by Roope Hintz.
4:52 of 2nd period - Stopped by Stuart Skinner without a rebound.
4:53 of 2nd period - Elias Lindholm wins face-off versus Nick Bjugstad in RENO LIONS zone.
5:02 of 2nd period - Shot by Ilya Mikheyev.
5:02 of 2nd period - Shot Misses the Net.
5:16 of 2nd period - Shot by Roope Hintz.
5:16 of 2nd period - Shot Misses the Net.
5:18 of 2nd period - Shot by Roope Hintz.
5:18 of 2nd period - Stopped by Stuart Skinner without a rebound.
5:19 of 2nd period - Patrick Brown wins face-off versus Jordan Staal in RENO LIONS zone.
5:30 of 2nd period - Off-side.
5:31 of 2nd period - Mats Zuccarello wins face-off versus Elias Pettersson in neutral zone.
6:11 of 2nd period - Shot by Joel Eriksson Ek.
6:11 of 2nd period - Shot Blocked by Kirill Kaprizov.
6:26 of 2nd period - Icing by Kirill Kaprizov.
6:27 of 2nd period - Elias Lindholm wins face-off versus Steven Stamkos in RENO LIONS zone.
7:10 of 2nd period - Shot by Elias Lindholm.
7:10 of 2nd period - Stopped by Stuart Skinner without a rebound.
7:11 of 2nd period - Jordan Staal wins face-off versus Nick Bjugstad in RENO LIONS zone.
7:28 of 2nd period - Shot by Timo Meier.
7:28 of 2nd period - Stopped by Stuart Skinner without a rebound.
7:29 of 2nd period - Joel Eriksson Ek wins face-off versus Patrick Brown in RENO LIONS zone.
8:21 of 2nd period - Icing by Juuso Valimaki.
8:22 of 2nd period - Elias Lindholm wins face-off versus Patrick Brown in RENO LIONS zone.
9:13 of 2nd period - Shot by Nick Bjugstad.
9:13 of 2nd period - Shot Misses the Net.
9:23 of 2nd period - Shot by Ilya Mikheyev.
9:23 of 2nd period - Goal by Ilya Mikheyev - RENO LIONS : 2 - BANFF WOLVES : 0.
9:24 of 2nd period - Joel Eriksson Ek wins face-off versus Steven Stamkos in neutral zone.
9:42 of 2nd period - Off-side.
9:43 of 2nd period - Jordan Staal wins face-off versus Alex Steeves in neutral zone.
9:56 of 2nd period - Shot by Timo Meier.
9:56 of 2nd period - Shot Blocked by Brady Skjei.
9:58 of 2nd period - Shot by Jordan Staal.
9:58 of 2nd period - Shot Misses the Net.
10:00 of 2nd period - Shot by Jordan Staal.
10:00 of 2nd period - Shot Misses the Net.
10:02 of 2nd period - Shot by Jason Dickinson.
10:02 of 2nd period - Stopped by Stuart Skinner without a rebound.
10:03 of 2nd period - Mats Zuccarello wins face-off versus Ilya Mikheyev in RENO LIONS zone.
10:09 of 2nd period - Icing by Mattias Samuelsson.
10:10 of 2nd period - Nick Bjugstad wins face-off versus Joel Eriksson Ek in RENO LIONS zone.
10:10 of 2nd period - Nick Bjugstad is hit by Joel Eriksson Ek.
10:44 of 2nd period - Ilya Mikheyev is hit by Quinton Hughes and loses puck.
10:47 of 2nd period - Shot by Jack Roslovic.
10:47 of 2nd period - Shot Misses the Net.
11:05 of 2nd period - Off-side.
11:06 of 2nd period - Patrick Brown wins face-off versus Elias Lindholm in neutral zone.
12:51 of 2nd period - Shot by Ilya Mikheyev.
12:51 of 2nd period - Deflect By Nick Bjugstad.
12:51 of 2nd period - Stopped by Jordan Binnington without a rebound.
12:52 of 2nd period - Nick Bjugstad wins face-off versus Joel Eriksson Ek in BANFF WOLVES zone.
12:57 of 2nd period - Shot by Ilya Mikheyev.
12:57 of 2nd period - Shot Misses the Net.
13:05 of 2nd period - Shot by Ilya Mikheyev.
13:05 of 2nd period - Stopped by Jordan Binnington without a rebound.
13:06 of 2nd period - Elias Lindholm wins face-off versus Alex Steeves in BANFF WOLVES zone.
13:30 of 2nd period - Off-side.
13:31 of 2nd period - Joel Eriksson Ek wins face-off versus Nick Bjugstad in neutral zone.
13:40 of 2nd period - Shot by John Tavares.
13:40 of 2nd period - Stopped by Stuart Skinner without a rebound.
13:41 of 2nd period - Joel Eriksson Ek wins face-off versus Steven Stamkos in RENO LIONS zone.
14:26 of 2nd period - Off-side.
14:27 of 2nd period - Patrick Brown wins face-off versus Elias Lindholm in neutral zone.
14:33 of 2nd period - Icing by Miro Heiskanen.
14:34 of 2nd period - Elias Lindholm wins face-off versus Nick Bjugstad in BANFF WOLVES zone.
14:34 of 2nd period - Tyler Toffoli is hit by Ilya Mikheyev and loses puck.
14:57 of 2nd period - Shot by Tyler Toffoli.
14:57 of 2nd period - Stopped by Stuart Skinner without a rebound.
14:58 of 2nd period - Patrick Brown wins face-off versus Jordan Staal in RENO LIONS zone.
14:58 of 2nd period - Patrick Brown is hit by Jordan Staal.
15:24 of 2nd period - Minor Penalty to Cam Fowler for Hooking.
15:25 of 2nd period - Jordan Staal wins face-off versus Steven Stamkos in BANFF WOLVES zone.
15:33 of 2nd period - Icing by Elias Pettersson.
15:34 of 2nd period - Jordan Staal wins face-off versus Steven Stamkos in RENO LIONS zone.
16:17 of 2nd period - Icing by Kirill Kaprizov.
16:18 of 2nd period - Jordan Staal wins face-off versus Steven Stamkos in RENO LIONS zone.
17:36 of 2nd period - Shot by Tyler Toffoli.
17:36 of 2nd period - Stopped by Stuart Skinner without a rebound.
17:37 of 2nd period - Elias Lindholm wins face-off versus Alex Steeves in RENO LIONS zone.
17:42 of 2nd period - Shot by Elias Lindholm.
17:42 of 2nd period - Shot Misses the Net.
17:44 of 2nd period - Shot by Elias Lindholm.
17:44 of 2nd period - Shot Misses the Net.
17:54 of 2nd period - Shot by Tyler Toffoli.
17:54 of 2nd period - Shot Misses the Net.
17:56 of 2nd period - Shot by Cam Fowler.
17:56 of 2nd period - Deflect By Roope Hintz.
17:56 of 2nd period - Shot Blocked by Mattias Samuelsson.
17:58 of 2nd period - Shot by Quinton Hughes.
17:58 of 2nd period - Shot Misses the Net.
18:00 of 2nd period - Shot by Elias Lindholm.
18:00 of 2nd period - Deflect By Tyler Toffoli.
18:00 of 2nd period - Shot Misses the Net.
18:05 of 2nd period - Roope Hintz is hit by Oliver Ekman-Larsson and loses puck.
18:08 of 2nd period - Shot by Elias Lindholm.
18:08 of 2nd period - Deflect By Tyler Toffoli.
18:08 of 2nd period - Shot Misses the Net.
18:14 of 2nd period - Shot by Elias Lindholm.
18:14 of 2nd period - Stopped by Stuart Skinner without a rebound.
18:15 of 2nd period - Steven Stamkos wins face-off versus Joel Eriksson Ek in RENO LIONS zone.
19:53 of 2nd period - Shot by Tyler Toffoli.
19:53 of 2nd period - Stopped by Stuart Skinner without a rebound.
19:54 of 2nd period - Jordan Staal wins face-off versus Patrick Brown in RENO LIONS zone.
19:54 of 2nd period - Minor Penalty to Oliver Ekman-Larsson for Roughing.
19:55 of 2nd period - Nick Bjugstad wins face-off versus Elias Lindholm in RENO LIONS zone.
Goals for this period are 1 for RENO LIONS vs 0 for BANFF WOLVES.
Shots for this period are 4 for RENO LIONS vs 11 for BANFF WOLVES.

3rd period


0:01 of 3rd period - Elias Lindholm wins face-off versus Nick Bjugstad in neutral zone.
1:37 of 3rd period - Shot by Miro Heiskanen.
1:37 of 3rd period - Stopped by Stuart Skinner without a rebound.
1:38 of 3rd period - Patrick Brown wins face-off versus Roope Hintz in RENO LIONS zone.
1:38 of 3rd period - Patrick Brown is hit by John Tavares.
2:01 of 3rd period - Icing by Justin Schultz.
2:02 of 3rd period - Steven Stamkos wins face-off versus Jordan Staal in RENO LIONS zone.
2:02 of 3rd period - Steven Stamkos is hit by Jason Dickinson.
2:11 of 3rd period - Minor Penalty to Ian Cole for Hooking.
2:12 of 3rd period - Steven Stamkos wins face-off versus Jordan Staal in BANFF WOLVES zone.
2:19 of 3rd period - Shot by Elias Pettersson.
2:19 of 3rd period - Stopped by Jordan Binnington without a rebound.
2:20 of 3rd period - Jordan Staal wins face-off versus Elias Pettersson in BANFF WOLVES zone.
2:35 of 3rd period - Shot by Kirill Kaprizov.
2:35 of 3rd period - Stopped by Jordan Binnington without a rebound.
2:36 of 3rd period - Nick Bjugstad wins face-off versus Jordan Staal in BANFF WOLVES zone.
3:30 of 3rd period - Icing by Justin Schultz.
3:31 of 3rd period - Joel Eriksson Ek wins face-off versus Steven Stamkos in RENO LIONS zone.
4:06 of 3rd period - Shot by Elias Pettersson.
4:06 of 3rd period - Shot Misses the Net.
4:08 of 3rd period - Shot by Elias Pettersson.
4:08 of 3rd period - Shot Blocked by Justin Faulk.
4:10 of 3rd period - Shot by Kirill Kaprizov.
4:10 of 3rd period - Deflect By Steven Stamkos.
4:10 of 3rd period - Shot Misses the Net.
5:31 of 3rd period - Shot by Nick Bjugstad.
5:31 of 3rd period - Deflect By Ilya Mikheyev.
5:31 of 3rd period - Shot Misses the Net.
5:33 of 3rd period - Shot by Ethan Bear.
5:33 of 3rd period - Stopped by Jordan Binnington without a rebound.
5:34 of 3rd period - Jordan Staal wins face-off versus Steven Stamkos in BANFF WOLVES zone.
6:06 of 3rd period - Icing by Timo Meier.
6:07 of 3rd period - Alex Steeves wins face-off versus Jordan Staal in BANFF WOLVES zone.
6:07 of 3rd period - Alex Steeves is hit by Justin Faulk.
6:15 of 3rd period - Mattias Samuelsson is hit by Jordan Staal and loses puck.
6:50 of 3rd period - Shot by Mats Zuccarello.
6:50 of 3rd period - Shot Misses the Net.
8:32 of 3rd period - Shot by Ilya Mikheyev.
8:32 of 3rd period - Shot Blocked by Roope Hintz.
8:34 of 3rd period - Shot by Ilya Mikheyev.
8:34 of 3rd period - Shot Blocked by Ian Cole.
8:36 of 3rd period - Shot by Juuso Valimaki.
8:36 of 3rd period - Shot Blocked by Ian Cole.
8:44 of 3rd period - Shot by Jack Roslovic.
8:44 of 3rd period - Stopped by Jordan Binnington without a rebound.
8:45 of 3rd period - Patrick Brown wins face-off versus Jordan Staal in BANFF WOLVES zone.
9:05 of 3rd period - Off-side.
9:06 of 3rd period - Nick Bjugstad wins face-off versus Eric Staal in neutral zone.
9:31 of 3rd period - Shot by Nick Bjugstad.
9:31 of 3rd period - Stopped by Jordan Binnington without a rebound.
9:32 of 3rd period - Steven Stamkos wins face-off versus Jordan Staal in BANFF WOLVES zone.
9:37 of 3rd period - Shot by Kirill Kaprizov.
9:37 of 3rd period - Stopped by Jordan Binnington without a rebound.
9:38 of 3rd period - Steven Stamkos wins face-off versus Elias Lindholm in BANFF WOLVES zone.
9:55 of 3rd period - Shot by Elias Pettersson.
9:55 of 3rd period - Shot Misses the Net.
9:57 of 3rd period - Shot by Ethan Bear.
9:57 of 3rd period - Deflect By Elias Pettersson.
9:57 of 3rd period - Stopped by Jordan Binnington without a rebound.
9:58 of 3rd period - Joel Eriksson Ek wins face-off versus Ilya Mikheyev in BANFF WOLVES zone.
11:32 of 3rd period - Minor Penalty to Brady Skjei for Interference.
11:33 of 3rd period - Kirill Kaprizov wins face-off versus Joel Eriksson Ek in RENO LIONS zone.
11:59 of 3rd period - Shot by Joel Eriksson Ek.
11:59 of 3rd period - Stopped by Stuart Skinner without a rebound.
12:00 of 3rd period - Elias Lindholm wins face-off versus Patrick Brown in RENO LIONS zone.
12:16 of 3rd period - Icing by Miro Heiskanen.
12:17 of 3rd period - Elias Lindholm wins face-off versus Nick Bjugstad in BANFF WOLVES zone.
12:31 of 3rd period - Shot by John Tavares.
12:31 of 3rd period - Stopped by Stuart Skinner without a rebound.
12:32 of 3rd period - Joel Eriksson Ek wins face-off versus Patrick Brown in RENO LIONS zone.
12:33 of 3rd period - Shot by Mats Zuccarello.
12:33 of 3rd period - Stopped by Stuart Skinner without a rebound.
12:34 of 3rd period - Marcus Foligno wins face-off versus Mats Zuccarello in RENO LIONS zone.
12:47 of 3rd period - Shot by Marcus Foligno.
12:47 of 3rd period - Stopped by Jordan Binnington without a rebound.
12:48 of 3rd period - Elias Lindholm wins face-off versus Patrick Brown in BANFF WOLVES zone.
12:48 of 3rd period - Elias Lindholm is hit by Patrick Brown.
12:56 of 3rd period - Shot by John Tavares.
12:56 of 3rd period - Shot Blocked by Oliver Ekman-Larsson.
13:09 of 3rd period - Icing by Elias Lindholm.
13:10 of 3rd period - John Tavares wins face-off versus Marcus Foligno in BANFF WOLVES zone.
13:43 of 3rd period - Shot by Timo Meier.
13:43 of 3rd period - Shot Blocked by Elias Pettersson.
14:46 of 3rd period - Icing by Ian Cole.
14:47 of 3rd period - Nick Bjugstad wins face-off versus Jordan Staal in BANFF WOLVES zone.
15:08 of 3rd period - Shot by Roope Hintz.
15:08 of 3rd period - Goal by Roope Hintz - RENO LIONS : 2 - BANFF WOLVES : 1.
15:09 of 3rd period - Joel Eriksson Ek wins face-off versus Patrick Brown in neutral zone.
15:28 of 3rd period - Shot by Marcus Foligno.
15:28 of 3rd period - Stopped by Jordan Binnington without a rebound.
15:29 of 3rd period - Steven Stamkos wins face-off versus Elias Lindholm in BANFF WOLVES zone.
15:30 of 3rd period - Shot by Elias Pettersson.
15:30 of 3rd period - Stopped by Jordan Binnington without a rebound.
15:31 of 3rd period - Mats Zuccarello wins face-off versus Steven Stamkos in BANFF WOLVES zone.
15:36 of 3rd period - Shot by John Tavares.
15:36 of 3rd period - Stopped by Stuart Skinner without a rebound.
15:37 of 3rd period - Steven Stamkos wins face-off versus Joel Eriksson Ek in RENO LIONS zone.
15:50 of 3rd period - Shot by Kirill Kaprizov.
15:50 of 3rd period - Shot Misses the Net.
15:52 of 3rd period - Shot by Brady Skjei.
15:52 of 3rd period - Shot Misses the Net.
15:54 of 3rd period - Shot by Elias Pettersson.
15:54 of 3rd period - Stopped by Jordan Binnington without a rebound.
15:55 of 3rd period - Elias Lindholm wins face-off versus Patrick Brown in BANFF WOLVES zone.
16:04 of 3rd period - Oliver Ekman-Larsson is hit by Elias Lindholm and loses puck.
16:57 of 3rd period - Shot by Joel Eriksson Ek.
16:57 of 3rd period - Stopped by Stuart Skinner without a rebound.
16:58 of 3rd period - Nick Bjugstad wins face-off versus Joel Eriksson Ek in RENO LIONS zone.
16:58 of 3rd period - Nick Bjugstad is hit by Joel Eriksson Ek.
17:04 of 3rd period - Quinton Hughes is hit by Nick Bjugstad and loses puck.
17:17 of 3rd period - Off-side.
17:18 of 3rd period - Steven Stamkos wins face-off versus Jordan Staal in neutral zone.
17:35 of 3rd period - Shot by Kirill Kaprizov.
17:35 of 3rd period - Shot Misses the Net.
17:53 of 3rd period - Shot by Steven Stamkos.
17:53 of 3rd period - Shot Hit the Post.
18:24 of 3rd period - Shot by Nick Bjugstad.
18:24 of 3rd period - Shot Misses the Net.
18:26 of 3rd period - Shot by Jack Roslovic.
18:26 of 3rd period - Stopped by Jordan Binnington without a rebound.
18:27 of 3rd period - Joel Eriksson Ek wins face-off versus Alex Steeves in BANFF WOLVES zone.
18:27 of 3rd period - Joel Eriksson Ek is hit by Alex Steeves.
18:53 of 3rd period - Joel Eriksson Ek is hit by Oliver Ekman-Larsson and loses puck.
18:57 of 3rd period - Icing by Mattias Samuelsson.
18:58 of 3rd period - Elias Lindholm wins face-off versus Alex Steeves in RENO LIONS zone.
18:58 of 3rd period - Elias Lindholm is hit by Mattias Samuelsson.
19:00 of 3rd period - BANFF WOLVES, Jordan Binnington is pulled from the net.
19:00 of 3rd period - Shot by Roope Hintz.
19:00 of 3rd period - Shot Misses the Net.
19:32 of 3rd period - Icing by Oliver Ekman-Larsson.
19:33 of 3rd period - Alex Steeves wins face-off versus Elias Lindholm in RENO LIONS zone.
Goals for this period are 0 for RENO LIONS vs 1 for BANFF WOLVES.
Shots for this period are 12 for RENO LIONS vs 7 for BANFF WOLVES.


BLAKE
WHEELER
STEVEN
STAMKOS
DREW
DOUGHTY

EAST COAST

HOCKEY LEAGUE

  • 63.RHI2PIT5
  • 64.WOR4ATL3
  • 65.QUECHW
  • 66.CHATRV